 Dungeon Crawl Stone Soup version 0.26-a0-639-g72c4674329 (webtiles) character file.

Game seed: 3147704678635858245

14087 DogServant the Thaumaturge (level 11, -4/67 HPs)
             Began as a Deep Elf Conjurer on Sept 15, 2020.
             Was a Believer of Ashenzari.
             Slain by a hell hound (10 damage)
             ... in a volcano.
             The game lasted 01:04:04 (20398 turns).

DogServant the Thaumaturge (Deep Elf Conjurer)     Turns: 20398, Time: 01:04:05

Health: -4/67      AC:  2    Str:  4    XL:     11   Next: 84%
Magic:  14/29      EV: 13    Int: 27    God:    Ashenzari [**....]
Gold:   609        SH:  0    Dex: 13    Spells: 1/35 levels left

rFire    . . .     SeeInvis .   B - staff of air
rCold    . . .     Faith    .   (no shield)
rNeg     . . .     Spirit   .   j - +0 robe (curse)
rPois    +         Reflect  .   m - +0 hat
rElec    +         Harm     .   (no cloak)
rCorr    .         Rampage  .   (no gloves)
MR       ++...                  w - -1 pair of boots (curse)
Stlth    ++........             (no amulet)
HPRegen  0.21/turn              h - ring of poison resistance (curse)
MPRegen  0.21/turn              K - ring of protection from magic

@: studying Throwing
A: no striking features
a: Curse Item, Scrying, Renounce Religion


You were in a volcano.
You worshipped Ashenzari.
Ashenzari was pleased with you.
You visited 3 branches of the dungeon, and saw 12 of its levels.
You also visited: Sewer and Volcano.

You collected 836 gold pieces.
You spent 227 gold pieces at shops.

Inventory:

Hand Weapons
 k - a +1 dagger
 A - a +0 flail of protection
Armour
 a - a +1 robe
 g - a +0 robe
 j - a cursed +0 robe (worn)
 m - a +0 hat (worn)
 w - a cursed -1 pair of boots (worn)
Magical Staves
 B - an uncursed staff of air (weapon)
Jewellery
 h - a cursed ring of poison resistance (left hand)
 p - an uncursed amulet of guardian spirit
 u - an uncursed ring of flight
 G - an uncursed ring of ice
 K - a ring of protection from magic (right hand)
Wands
 C - a wand of enslavement (16)
 F - a wand of flame (23)
 J - a wand of polymorph (8)
 L - a wand of paralysis (4)
Scrolls
 e - 7 scrolls of amnesia
 i - 7 scrolls of remove curse
 l - 6 scrolls of teleportation
 v - a scroll of noise
 y - 3 scrolls of enchant armour
 E - 4 scrolls of identify
 H - a scroll of enchant weapon
Potions
 b - 4 potions of stabbing
 c - 3 potions of degeneration
 d - 2 potions of haste
 f - 5 potions of curing
 n - 2 potions of might
 o - 3 potions of lignification
 q - 2 potions of cancellation
 r - 2 potions of berserk rage
 s - a potion of flight {unknown}
 t - 2 potions of brilliance
 x - a potion of mutation {unknown}
 D - a potion of magic {unknown}
Books
 z - a manual of Throwing


   Skills:
 - Level 7.2 Fighting
 - Level 4.7 Staves
 - Level 2.5 Dodging
 - Level 2.4 Stealth
 + Level 12.7 Spellcasting
 - Level 11.1 Conjurations
 - Level 9.3 Hexes
 - Level 5.2 Necromancy
 * Level 4.2 Fire Magic


You had one spell level left.
You knew the following spells:

 Your Spells              Type           Power        Failure   Level
a - Magic Dart            Conj           ####         1%          1
b - Searing Ray           Conj           ######       1%          2
c - Dazzling Flash        Conj/Hex       ######       1%          3
d - Fulminant Prism       Conj/Hex       ######....   1%          4
e - Iskenderun's Mystic   Conj/Tloc      #####...     3%          4
f - Animate Skeleton      Necr           #####.       1%          1
g - Blink                 Tloc           N/A          4%          2
h - Agony                 Necr           #####...     11%         5
i - Bolt of Magma         Conj/Fire/Erth #####.....   11%         5
j - Orb of Destruction    Conj           ######....   28%         7

Your spell library contained the following spells:

 Spells                   Type           Power        Failure   Level
 Pain                     Necr           ####         1%          1
 Slow                     Hex            ######..     1%          2
 Conjure Flame            Conj/Fire      ######..     1%          3
 Vampiric Draining        Necr           #####.....   1%          3
 Iskenderun's Battlesphe  Conj           ######..     1%          5
 Mephitic Cloud           Conj/Pois/Air  ######..     2%          3
 Animate Dead             Necr           #####.....   3%          4
 Call Imp                 Summ           ###.....     4%          2
 Iron Shot                Conj/Erth      #####.....   45%         6
 Spellforged Servitor     Conj/Summ      #####.....   95%         7


Dungeon Overview and Level Annotations

Branches:
Dungeon (10/15)            Temple (1/1) D:4            Lair (1/6) D:10
    Orc (0/2) D:9           Sewer (visited)         Volcano (1/1)

Altars:
Ashenzari
Cheibriados
Dithmenos
Elyvilon
Fedhas
Gozag
Hepliaklqana
Kikubaaqudgha
Makhleb
Nemelex Xobeh
Okawaru
Qazlal
Ru
Sif Muna
Trog
Uskayaw
Vehumet
Wu Jian
Xom
Yredelemnul
Zin
The Shining One

Shops:
D:4 *?!   D:7 *


Message History

(Press . to maintain the ray.)
The hell hound stops to sniff the ground.
The searing ray misses the hell hound.
The hell hound bites you.
* * * LOW HITPOINT WARNING * * *
The searing ray hits the hell hound.
The hell hound is heavily wounded.
The volcano erupts!
Nearby, a roof collapses.
The hell hound bites you.
* * * LOW HITPOINT WARNING * * *
The hell hound misses you.
Unknown command.
The searing ray misses the hell hound.
You finish channeling your searing ray.
The hell hound bites you.
* * * LOW HITPOINT WARNING * * *
Unknown command.
Casting: Searing Ray (safe; 1% risk of failure)
Confirm with . or Enter, or press ? or * to list all spells.
You erupt in a blast of force!
The mystic blast misses the hell hound.
The hell hound bites you!
You die...

*, .#* .$ * *
..#* .. * ![.
#. * , ,
#..#.## * *
#.#..., * *
#...### , ,,
##.#..h.§##
#...§§@.§.#
..####.§§§.....
, * ,
###§.§.###. *
..###.##.. !!.
*##,,..# .∩#. *
,, , ,)# *# # *
, # * * * *


You could see a hell hound.

Vanquished Creatures
  Gastronok (D:9)
  Erolcha (D:9)
  A komodo dragon (D:10)
  A troll (D:10)
  6 hippogriffs
  2 wyverns
  9 yaks (Lair:1)
  A human (D:9)
  Grum (D:9)
  A steam dragon (D:10)
  Menkaure (D:5)
  A hell hound (Volcano)
  A porcupine (Lair:1)
  6 orc warriors
  2 sky beasts
  5 ice beasts
  4 necrophages (D:7)
  8 ogres
  2 phantoms
  3 wolves (D:9)
  7 centaurs
  2 crocodiles (Lair:1)
  8 bullfrogs
  3 big kobolds
  A wyvern zombie (D:9)
  A water moccasin zombie (D:8)
  4 scorpions
  12 killer bees
  13 wights
  2 howler monkeys (D:10)
  5 bullfrog zombies
  5 centaur zombies
  5 hounds
  2 gnoll shamans (D:5)
  12 orc priests
  12 orc wizards
  2 centaur skeletons (D:8)
  3 iguanas
  6 worker ants
  2 killer bee zombies (D:7)
  A hound zombie (D:5)
  A mummy (D:7)
  A worker ant zombie (D:7)
  46 gnolls
  2 howler monkey skeletons
  13 adders
  3 river rats
  A shadow imp (D:7)
  3 white imps
  An ufetubus (D:8)
  5 oozes
  2 adder skeletons
  An adder zombie (D:7)
  2 worms (D:2)
  6 dart slugs
  3 leopard geckos
  67 orcs
  10 ball pythons
  7 bats
  5 giant cockroaches
  7 hobgoblins
  31 jackals
  4 quokkas
  7 frilled lizards
  9 goblins
  17 kobolds
  3 leopard gecko zombies (D:7)
  A quokka zombie (D:7)
  7 rats
  19 fulminant prisms
449 creatures vanquished.

Vanquished Creatures (collateral kills)
  A bullfrog zombie (D:10)
  An ufetubus (D:10)
2 creatures vanquished.

Vanquished Creatures (others)
  A quokka (D:8)
  59 fulminant prisms
  7 fungi (Lair:1)
  31 plants
  4 withered plants (D:7)
102 creatures vanquished.

Grand Total: 553 creatures vanquished

Notes
Turn   | Place    | Note
-------+----------+-------------------------------------------
     0 | D:1      | DogServant the Deep Elf Conjurer began the quest for the
                  | Orb.
     0 | D:1      | Reached XP level 1. HP: 10/10 MP: 6/6
   433 | D:1      | Reached XP level 2. HP: 15/15 MP: 4/8
   876 | D:1      | Learned a level 2 spell: Searing Ray
   990 | D:2      | Reached skill level 5 in Conjurations
  1261 | D:2      | Reached XP level 3. HP: 18/19 MP: 5/10
  1469 | D:2      | Found an iron altar of Okawaru.
  1471 | D:2      | Found a shadowy altar of Dithmenos.
  1471 | D:2      | Found an ancient bone altar of Kikubaaqudgha.
  1522 | D:2      | Noticed a phantom
  1755 | D:2      | Killed a phantom
  1755 | D:2      | Reached skill level 5 in Spellcasting
  1755 | D:2      | Reached XP level 4. HP: 24/24 MP: 8/13
  1922 | D:2      | Reached XP level 5. HP: 28/28 MP: 10/14
  2645 | D:3      | Found a glowing drain.
  2677 | Sewer    | Entered a sewer
  2842 | Sewer    | Reached skill level 1 in Fighting
  2925 | Sewer    | Reached skill level 6 in Spellcasting
  2925 | Sewer    | Reached XP level 6. HP: 34/34 MP: 10/17
  4250 | D:3      | Found a bloodstained altar of Trog.
  4611 | D:4      | Found a staircase to the Ecumenical Temple.
  4624 | Temple   | Entered the Ecumenical Temple
  4659 | Temple   | Became a worshipper of Ashenzari the Shackled
  5018 | D:4      | Found a glowing silver altar of Zin.
  5028 | D:4      | Found Viby's Magic Scroll Boutique.
  5031 | D:4      | Bought a scroll of identify for 26 gold pieces
  5031 | D:4      | Bought a scroll of remove curse for 39 gold pieces
  5031 | D:4      | Bought a scroll of identify for 26 gold pieces
  5031 | D:4      | Bought a scroll of teleportation for 39 gold pieces
  5031 | D:4      | Bought a scroll of identify for 26 gold pieces
  5031 | D:4      | Bought a scroll of identify for 26 gold pieces
  5031 | D:4      | Bought a scroll of amnesia for 45 gold pieces
  5040 | D:4      | Found Fenedud's Distillery.
  5137 | D:4      | Found an iron altar of Okawaru.
  5195 | D:4      | Found Liufiupn's General Store.
  5197 | D:4      | Noticed a sky beast
  5201 | D:4      | Killed a sky beast
  5201 | D:4      | Reached XP level 7. HP: 40/40 MP: 14/19
  5458 | D:4      | Found a hide-covered altar of Uskayaw.
  5541 | D:5      | Entered Level 5 of the Dungeon
  5561 | D:5      | Noticed Menkaure
  5569 | D:5      | Learned a level 3 spell: Dazzling Flash
  5572 | D:5      | Killed Menkaure
  5572 | D:5      | Reached skill level 7 in Spellcasting
  5703 | D:5      | Found an ornate altar of the Wu Jian Council.
  6319 | D:5      | Reached XP level 8. HP: 45/46 MP: 17/21
  6366 | D:5      | Reached skill level 8 in Spellcasting
  6420 | D:5      | Learned a level 4 spell: Fulminant Prism
  6478 | D:5      | Reached skill level 1 in Hexes
  7184 | D:5      | Learned a level 4 spell: Iskenderun's Mystic Blast
  7871 | D:5      | Reached skill level 9 in Spellcasting
  8620 | D:6      | Reached XP level 9. HP: 45/52 MP: 21/24
  9066 | D:6      | Reached skill level 5 in Hexes
  9252 | D:6      | Found a sand-covered staircase.
  9401 | D:6      | Reached skill level 5 in Fighting
  9879 | D:6      | Learned a level 1 spell: Animate Skeleton
  9886 | D:6      | Reached * piety under Ashenzari
 10125 | D:7      | Found a white marble altar of Elyvilon.
 10145 | D:7      | Reached skill level 10 in Spellcasting
 10164 | D:7      | Reached skill level 1 in Staves
 10475 | D:7      | Reached skill level 1 in Necromancy
 11538 | D:7      | Reached XP level 10. HP: 59/59 MP: 2/26
 11849 | D:7      | Found Biadgh's General Store.
 13020 | D:7      | Learned a level 2 spell: Blink
 13044 | D:7      | Reached skill level 10 in Conjurations
 14025 | D:8      | Learned a level 5 spell: Agony
 14040 | D:8      | Reached skill level 11 in Spellcasting
 14715 | D:8      | Found a white marble altar of Elyvilon.
 15330 | D:9      | Noticed Erolcha
 15843 | D:9      | Noticed Gastronok
 16202 | D:9      | Found a hazy altar of Hepliaklqana.
 16338 | D:9      | Killed Gastronok
 16338 | D:9      | Reached skill level 5 in Necromancy
 16338 | D:9      | Reached XP level 11. HP: 39/66 MP: 6/28
 16357 | D:9      | Noticed Grum
 16360 | D:9      | Killed Grum
 17223 | D:9      | Killed Erolcha
 17573 | D:9      | Found a staircase to the Orcish Mines.
 17813 | D:9      | Reached ** piety under Ashenzari
 17835 | D:9      | Found a stormy altar of Qazlal.
 18202 | D:10     | Entered Level 10 of the Dungeon
 18511 | D:9      | Reached skill level 12 in Spellcasting
 18737 | D:10     | Learned a level 5 spell: Bolt of Magma
 18745 | D:10     | Learned a level 7 spell: Orb of Destruction
 19117 | D:10     | Reached skill level 1 in Fire Magic
 19598 | D:10     | Found a staircase to the Lair.
 19799 | Lair:1   | Entered Level 1 of the Lair of Beasts
 20139 | Lair:1   | Found a shattered altar of Ashenzari.
 20377 | Lair:1   | Found a dark tunnel.
 20386 | Volcano  | Entered a volcano
 20398 | Volcano  | Slain by a hell hound

Illustrated notes

Levels and vault maps discovered:
D:1:      dpeg_arrival_leaves_temple_mockup, layout_basic
D:2:      layout_basic, chequers_temple_overflow_statue_of_worship
D:3:      layout_loops_cross, bloody_trog, portal_sewer_entry_e
D:4:      layout_basic, old_standard_altar, old_standard_altar,
          minmay_temple_entry_arrows, serial_shops, shop, kennysheep_little_box,
          shop, lemuel_tele_altar
D:5:      lemuel_castle_with_subvaults [lemuel_castle_interior_carwin_1],
          layout_basic, lemuel_coloured_pillars_altar, minmay_manual_monolith,
          uniq_menkaure
D:6:      layout_basic, enter_ossuary_5
D:7:      nicolae_whirlpool, layout_rooms, serial_undead, serial_undead_a,
          serial_undead_b, serial_undead_d, serial_undead_a, serial_undead_e,
          serial_undead_d, basic_altar, serial_shops, shop,
          minmay_increasing_density
D:8:      layout_basic, elyvilon_altar_4, special_room [special_room_orc]
D:9:      layout_roguey, kennysheep_mini, lemuel_round_altar, erik_orc_4,
          kennysheep_generic_room_8, uniq_gastronok, uniq_grum, uniq_erolcha
D:10:     layout_cave_pools, david_lair_shrubbed, grunt_decor_arrowhead
Temple:   minmay_temple_bridge_abc
Lair:1:   layout_chaotic_city, basic_altar, nicolae_volcano_entry_two_sided,
          beast_lair_carwin_10
Volcano:  volcano_caves

Skill      XL: |  1  2  3  4  5  6  7  8  9 10 11 |
---------------+----------------------------------+-----
Conjurations   | 5 6 7 8 9 10 11 | 11.1
Spellcasting   | 5 6 7 9 10 11 12 | 12.7
Fighting       | 1 2 3 4 5 6 7 |  7.2
Hexes          | 4 6 8 9 |  9.3
Staves         | 2 4 |  4.7
Necromancy     | 2 5 |  5.2
Fire Magic     | 4 |  4.2
Dodging        | |  2.5
Stealth        | |  2.4

Action                   |  1- 3 |  4- 6 |  7- 9 | 10-12 || total
-------------------------+-------+-------+-------+-------++-------
Melee: Dagger            |       |     4 |     1 |       ||     5
       Flail             |       |       |     6 |       ||     6
       Staff             |       |       |    17 |     2 ||    19
 Cast: Magic Dart        |    52 |   159 |   230 |   209 ||   650
       Searing Ray       |     6 |    15 |    72 |   119 ||   212
       Fulminant Prism   |       |       |    34 |    44 ||    78
       Animate Skeleton  |       |       |     1 |     3 ||     4
       Iskenderun's Myst |       |       |       |     9 ||     9
       Dazzling Flash    |       |       |       |     3 ||     3
       Blink             |       |       |       |     3 ||     3
       Agony             |       |       |       |     1 ||     1
Invok: Curse Item        |       |     1 |       |       ||     1
       Scrying           |       |       |       |     3 ||     3
  Use: Scroll            |     3 |     5 |    12 |     5 ||    25
       Potion            |       |       |       |     4 ||     4
Armor: Robe              |       |     4 |     8 |     7 ||    19
Dodge: Dodged            |     4 |    28 |    77 |   105 ||   214

Table legend: (Time is in decaauts)
 A = Elapsed time spent in this place.
 B = Non-inter-level travel time spent in this place.
 C = Inter-level travel time spent in this place.
 D = Time resting spent in this place.
 E = Time spent auto-exploring this place.
 F = Levels seen in this place.
 G = Mean time per level.
                   A        B        C        D        E       F      G
               +--------+--------+--------+--------+--------+-----+--------+
         Total |  20584 |  19985 |    599 |   7529 |   9461 |  14 | 1470.3 |
       Dungeon |  18648 |  18078 |    570 |   7081 |   8340 |  10 | 1864.8 |
        Temple |    235 |    209 |     26 |      0 |    200 |   1 |  235.0 |
          Lair |    426 |    424 |      2 |     67 |    188 |   1 |  426.0 |
         Sewer |   1262 |   1262 |      0 |    381 |    733 |   1 | 1262.0 |
       Volcano |     11 |     11 |      0 |      0 |      0 |   1 |   11.0 |
               +--------+--------+--------+--------+--------+-----+--------+

Top non-repeatable levels by time:
     D:5: 3133 daAuts
     D:8: 2832 daAuts
     D:9: 2529 daAuts
     D:7: 2505 daAuts
     D:6: 2334 daAuts
   Sewer: 1262 daAuts
     D:2: 1191 daAuts
    D:10: 1141 daAuts
     D:3: 1091 daAuts
     D:1: 1077 daAuts
     D:4: 810 daAuts
  Lair:1: 426 daAuts
  Temple: 235 daAuts
 Volcano: 11 daAuts
